 Dungeon Crawl Stone Soup version 0.32-a0-705-g60f233581c (webtiles) character file.

Game seed: 4427934816501284981

120 ASSMAN the Charlatan (level 5, 0/37 HPs)
             Began as a Coglin Artificer on Mar 15, 2024.
             Slain by a sleepcap (5 damage)
             ... on level 3 of the Dungeon.
             The game lasted 00:02:31 (1939 turns).

ASSMAN the Charlatan (Coglin Artificer)             Turns: 1939, Time: 00:02:31

Health: 0/37       AC: 10    Str: 12    XL:     5   Next: 4%
Magic:  5/5        EV:  2    Int: 13    God:
Gold:   137        SH:  0    Dex: 14    Spells: 4/4 levels left

rFire   . . .        a - +0 club {Arun}
rCold   . . .        f - +0 dagger {Astrid}
rNeg    . . .        g - +2 chain mail {Will+}
rPois   .            (no helmet)
rElec   .            (no cloak)
rCorr   .            (no gloves)
SInv    .            (no boots)
Will    +....        (amulet unavailable) Stlth
                     (ring unavailable)
HPRegen 0.26/turn    (ring unavailable)
MPRegen 0.09/turn    (no gizmo)

%: no passive effects
@: sleeping, revving
A: off-hand wielding, slow wielding, warmup strikes, no jewellery
a: Invent Gizmo


You were on level 3 of the Dungeon.
You visited 1 branch of the dungeon, and saw 3 of its levels.

You collected 137 gold pieces.

Inventory:

Hand Weapons
 a - a +0 club (weapon) {Arun}
 f - a +0 dagger (offhand) {Astrid}
Armour
 g - a +2 chain mail of willpower (worn)
Wands
 c - a wand of flame (8) (quivered)
 d - a wand of charming (15)
 e - a wand of iceblast (5)
Scrolls
 h - 3 scrolls of identify {unknown}
 k - a scroll of amnesia {unknown}
 l - a scroll of immolation {unknown}
 m - a scroll of blinking {unknown}
 o - a scroll of revelation {unknown}
Potions
 b - 2 potions of enlightenment {unknown}
 i - a potion of magic {unknown}
 j - a potion of curing {unknown}
 n - a potion of attraction {unknown}


   Skills:
 - Level 1.0 Fighting
 - Level 1.7 Armour
 - Level 0.8 Dodging
 - Level 0.7 Stealth
 + Level 7.3 Evocations


You had 4 spell levels left.
You didn't know any spells.
Your spell library was empty.

Dungeon Overview and Level Annotations

Branches:
Dungeon (3/15)

Altars:
Gozag


Innate Abilities, Weirdness & Mutations

You can wield a second weapon in your off-hand.
It takes a long time for you to wield or remove held weapons.
Your first few attacks do less damage.
You cannot equip rings or amulets.


Message History

You hit the sleepcap but do no damage. The sleepcap barely misses you.
You hit the sleepcap but do no damage.
The sleepcap is heavily damaged.
You hit the sleepcap but do no damage.
The sleepcap releases spores at you but does no damage.
You hit the sleepcap but do no damage.
The sleepcap is heavily damaged.
You hit the sleepcap but do no damage. The sleepcap releases spores at you.
You are engulfed in a cloud of soporific spores!
You fall asleep.
The sleepcap releases spores at you.
You wake up.
* * * LOW HITPOINT WARNING * * *
You are engulfed in a cloud of soporific spores!
You are unaffected.
Unknown command.
Aiming: Throw Flame
Press: ? - help, Shift-Dir - straight line, f - sleepcap
Aim: a sleepcap (heavily damaged, 100% to hit)
The puff of flame hits the sleepcap.
The sleepcap is severely damaged.
The sleepcap barely misses you.
Unknown command.
Aiming: Throw Flame
Press: ? - help, Shift-Dir - straight line, f/p - sleepcap
Aim: a sleepcap (severely damaged, 100% to hit)
The puff of flame hits the sleepcap.
The sleepcap is severely damaged.
The sleepcap releases spores at you but does no damage.
Unknown command.
Aiming: Throw Flame
Press: ? - help, Shift-Dir - straight line, f/p - sleepcap
Aim: a sleepcap (severely damaged, 100% to hit)
The puff of flame hits the sleepcap.
The sleepcap is almost destroyed.
The sleepcap releases spores at you.
* * * LOW HITPOINT WARNING * * *
You are engulfed in a cloud of soporific spores!
You fall asleep.
The sleepcap releases spores at you.
You die...

... .... .... ..# #...#
# ... ..# #.... #. #..
#.# #...# ..#.. #.#
#...# ...### #.# #....
#.#.###.# #..#.
#..##....##.#######....
#....f@..............#.
#..!..........########.
###.###.#####.# ## #
#.# #.# #.# #.# #.# #.#
#.. #.# ##. #.# # ..#
#.# #####


You could see a sleepcap.

Vanquished Creatures
  Jessica (D:2)
  2 adders (D:2)
  A ribbon worm (D:2)
  A dart slug (D:2)
  A ball python (D:2)
  8 endoplasms
  A giant cockroach (D:1)
  10 hobgoblins
  6 jackals (D:1)
  3 kobolds
  5 quokkas
  9 bats
  4 frilled lizards
  7 goblins
  6 rats
65 creatures vanquished.

Notes
Turn   | Place    | Note
-------+----------+-------------------------------------------
     0 | D:1      | ASSMAN the Coglin Artificer began the quest for the Orb.
     0 | D:1      | Reached XP level 1. HP: 15/15 MP: 1/1
    78 | D:1      | Reached XP level 2. HP: 21/21 MP: 2/2
   285 | D:1      | Reached skill level 5 in Evocations
   467 | D:1      | Reached XP level 3. HP: 23/26 MP: 3/3
   991 | D:1      | Reached skill level 6 in Evocations
  1127 | D:2      | Reached XP level 4. HP: 27/32 MP: 4/4
  1629 | D:2      | Found an opulent altar of Gozag.
  1642 | D:2      | Noticed Jessica
  1654 | D:2      | Killed Jessica
  1655 | D:2      | Reached skill level 7 in Evocations
  1752 | D:2      | Found a faded altar of an unknown god.
  1845 | D:3      | Reached XP level 5. HP: 37/37 MP: 5/5
  1939 | D:3      | Slain by a sleepcap

Illustrated notes

Levels and vault maps discovered:
D:1:      sevenhm_arrival_forest_fort_large_4, layout_basic
D:2:      layout_rooms, dreamdust_ecumenical_altar_sealed_demon, basic_altar,
          uniq_jessica
D:3:      layout_loops_ring

Skill      XL: |  1  2  3  4 |
---------------+-------------+-----
Evocations     | 5 6 7 |  7.3
Fighting       | |  1.0
Armour         | |  1.7
Dodging        | |  0.8
Stealth        | |  0.7

Action                     |  1- 3 |  4- 6 || total
---------------------------+-------+-------++-------
  Melee: Club              |   116 |    77 ||   193
         Dagger            |   110 |    78 ||   188
  Evoke: Wand              |       |     7 ||     7
 Armour: Leather armour    |    10 |       ||    10
         Chain mail        |   121 |    93 ||   214
  Dodge: Dodged            |    59 |    25 ||    84

Table legend: (Time is in decaauts)
 A = Elapsed time spent in this place.
 B = Non-inter-level travel time spent in this place.
 C = Inter-level travel time spent in this place.
 D = Time resting spent in this place.
 E = Time spent auto-exploring this place.
 F = Levels seen in this place.
 G = Mean time per level.
                   A        B        C        D        E       F      G
               +--------+--------+--------+--------+--------+-----+--------+
         Total |   1969 |   1941 |     28 |      0 |   1492 |   3 |  656.3 |
       Dungeon |   1969 |   1941 |     28 |      0 |   1492 |   3 |  656.3 |
               +--------+--------+--------+--------+--------+-----+--------+

Top non-repeatable levels by time:
     D:1: 1127 daAuts
     D:2: 664 daAuts
     D:3: 177 daAuts
